[Event "*** SCC Grand Prix: Titled Tuesday Blitz"]
[Site "Chess.com"]
[Date "2020.07.07"]
[Round "2"]
[White "IngOscarArdila"]
[Black "filali-marouan"]
[Result "1-0"]
[WhiteElo "2177"]
[BlackElo "2403"]
[TimeControl "180+1"]
[EndTime "10:16:38 PDT"]
[Termination "IngOscarArdila won on time"]

1. d4 c6 2. c4 d5 3. cxd5 cxd5 4. Nc3 Nc6 5. Bf4 Nf6 6. e3 Qa5 7. Bb5 Bf5 8. Qa4 Qxa4 9. Bxa4 a6 10. Bxc6+ bxc6 11. Rc1 Nh5 12. Bc7 Kd7 13. Bb6 e6 14.
Na4 Bb4+ 15. Ke2 Rhb8 16. a3 Bd6 17. Nf3 f6 18. Rc3 Rb7 19. b4 e5 20. Rhc1 Rc8 21. Bc5 Bc7 22. h3 Be4 23. g4 Bxf3+ 24. Kxf3 exd4 25.
Bxd4 1-0

[Event "*** SCC Grand Prix: Titled Tuesday Blitz"]
[Site "Chess.com"]
[Date "2020.07.07"]
[Round "2"]
[White "ailime26"]
[Black "Unknown_IM"]
[Result "0-1"]
[WhiteElo "1877"]
[BlackElo "2350"]
[TimeControl "180+1"]
[EndTime "10:16:38 PDT"]
[Termination "Unknown_IM won by resignation"]

1. e4 c5 2. Nf3 e6 3. d4 cxd4 4. Nxd4 Nf6 5. Nc3 Nc6 6. Be3 Bb4 7. f3 d5 8. Bd3 dxe4 9. Bxe4 Nxe4 10. fxe4 Bxc3+ 11. bxc3 Qh4+ 12. Ke2 Qxe4 13. Kf2 Ne5 14. h3 O-O 15.
Re1 Qg6 16. Kg1 Nc4 17. Bf2 e5 18. Nf3 Bxh3 19. Nh4 Qg5 20. Re4 Rad8 21. Qf3 Nd2 22. Qxh3 Nxe4 23. Be3 Qf6 24. Rf1 Qe6 25. Nf5 Nd6 26. Qg4 Nxf5 27. Rxf5 g6 28. Qg5 Qxf5 0-1

[Event "*** SCC Grand Prix: Titled Tuesday Blitz"]
[Site "Chess.com"]
[Date "2020.07.07"]
[Round "2"]
[White "politeplayer"]
[Black "themind1hunter"]
[Result "1-0"]
[WhiteElo "2234"]
[BlackElo "2430"]
[TimeControl "180+1"]
[EndTime "10:16:39 PDT"]
[Termination "politeplayer won by resignation"]

1. e4 c5 2. Nf3 d6 3. d4 cxd4 4. Nxd4 Nf6 5. Nc3 a6 6. Bc4 e6 7.
O-O b5 8. Bb3 Be7 9. f4 b4 10.
e5 dxe5 11. fxe5 bxc3 12. exf6 Bxf6 13. bxc3 O-O 14. Ba3 Re8 15. Qf3 Ra7 16. Rad1 Qb6 17. Qh5 e5 18. Rde1 g6 19. Qf3 Kg7 20. Bc5 Qxc5 21.
Qxf6+ Kh6 22. Re4 1-0

[Event "*** SCC Grand Prix: Titled Tuesday Blitz"]
[Site "Chess.com"]
[Date "2020.07.07"]
[Round "2"]
[White "KyrgyzFighter"]
[Black "Shubinkirill2003"]
[Result "0-1"]
[WhiteElo "2315"]
[BlackElo "2612"]
[TimeControl "180+1"]
[EndTime "10:16:40 PDT"]
[Termination "Shubinkirill2003 won by resignation"]

1. c4 e5 2. Nc3 Nc6 3. g3 g6 4. Bg2 Bg7 5. e3 Nge7 6. Nge2 d6 7. O-O O-O 8. d3 Bg4 9. Rb1 Qd7 10. b4 Rae8 11.
Nd5 Nxd5 12. cxd5 Nd8 13. e4 Bh3 14. Be3 Bxg2 15. Kxg2 f5 16. f3 c6 17. Qb3 Kh8 18. b5 c5 19. a4 Nf7 20. a5 Bh6 21. Bg1 fxe4 22. dxe4 Ng5 23. g4 Rf7 24. Qc3 Ref8 25. b6 a6 26. h3 Rxf3 27. Rxf3 Rxf3 28. Qxf3 Nxf3 29. Kxf3 Qa4 30. Rf1 Qb3+ 31. Kg2 Qc2 32. Kf3 Qd3+ 33. Kf2 Be3+ 0-1

[Event "*** SCC Grand Prix: Titled Tuesday Blitz"]
[Site "Chess.com"]
[Date "2020.07.07"]
[Round "2"]
[White "Vesper2018"]
[Black "Orange_Ghost"]
[Result "1-0"]
[WhiteElo "2547"]
[BlackElo "2792"]
[TimeControl "180+1"]
[EndTime "10:16:41 PDT"]
[Termination "Vesper2018 won by resignation"]

1. e4 e6 2. d4 d5 3. e5 c5 4. c3 Qb6 5. Nf3 Nc6 6. Be2 cxd4 7.
cxd4 Nge7 8. b3 Nf5 9. Bb2 Bb4+ 10. Kf1 h5 11. h4 Bd7 12. a3 Be7 13. b4 f6 14. Nc3 Ncxd4 15. Nxd5 exd5 16. Nxd4 fxe5 17. Nxf5 Bxf5 18. Qxd5 Rf8 19. Bb5+ Qxb5+ 20. Qxb5+ Bd7 21. Qxe5 Kf7 22. Qxg7+ Ke8 23. Re1 Rf7 24. Qh8+ Rf8 25. Qxh5+ Kd8 26. Qd5 Ke8 27. Qe4 Rf7 28. Bf6 Bc6 29.
Qe3 Kd7 30. Bxe7 Rg8 31. Qe6+ Ke8 1-0

[Event "*** SCC Grand Prix: Titled Tuesday Blitz"]
[Site "Chess.com"]
[Date "2020.07.07"]
[Round "2"]
[White "kakakz"]
[Black "metalbattler"]
[Result "1-0"]
[WhiteElo "2382"]
[BlackElo "2039"]
[TimeControl "180+1"]
[EndTime "10:16:43 PDT"]
[Termination "kakakz won by resignation"]

1. d4 d5 2. Nf3 Nf6 3. g3 c6 4.
Bg2 Bg4 5. h3 Bh5 6. O-O e6 7.
c4 Bd6 8. Nc3 Nbd7 9. Qb3 Qb6 10. c5 Qxb3 11. axb3 Bc7 12. b4 e5 13. dxe5 Nxe5 14.
Nd4 Ned7 15. b5 Be5 16. bxc6 Bxd4 17. cxb7 Rb8 18. c6 Nb6 19. Bf4 O-O 20. Bxb8 Rxb8 21.
Rxa7 Kf8 22. c7 1-0

[Event "*** SCC Grand Prix: Titled Tuesday Blitz"]
[Site "Chess.com"]
[Date "2020.07.07"]
[Round "2"]
[White "Rodalquilar"]
[Black "Chuchofrio1"]
[Result "1-0"]
[WhiteElo "2630"]
[BlackElo "2226"]
[TimeControl "180+1"]
[EndTime "10:16:45 PDT"]
[Termination "Rodalquilar won by resignation"]

1. d4 f5 2. g3 Nf6 3. Bg2 d6 4. Nf3 g6 5. O-O Bg7 6. Nbd2 O-O 7. Re1 Ne4 8. Nxe4 fxe4 9. Ng5 d5 10. c4 h6 11. Nh3 e6 12. Nf4 g5 13. Nh5 Bh8 14. h4 gxh4 15. Bxh6 Rf5 16. g4 Rf7 17. e3 Kh7 18. g5 c6 19. Nf4 Rxf4 20. exf4 Qe8 21.
Qg4 Bxd4 22. Rad1 Bc5 23. Qxh4 Kg6 24. Rxe4 dxe4 25. Bxe4+ Kf7 26. g6+ Kg8 27. Rd8 1-0

[Event "*** SCC Grand Prix: Titled Tuesday Blitz"]
[Site "Chess.com"]
[Date "2020.07.07"]
[Round "2"]
[White "Joseacorrea"]
[Black "stolencandy13"]
[Result "1/2-1/2"]
[WhiteElo "1911"]
[BlackElo "2349"]
[TimeControl "180+1"]
[EndTime "10:16:47 PDT"]
[Termination "Game drawn by agreement"]

1. c4 e5 2. Nc3 Nc6 3. g3 Nf6 4. Bg2 Be7 5. e3 O-O 6. Nge2 d6 7. O-O Be6 8. b3 Qd7 9. Re1 Rad8 10. d4 d5 11.
cxd5 Nxd5 12. Nxd5 Bxd5 13. e4 Be6 14. d5 Bg4 15. f3 Bc5+ 16. Kh1 Bh3 17. Qc2 Bxg2+ 18. Kxg2 Nb4 19. Qxc5 Nd3 20. Qc3 Nxe1+ 21. Qxe1 f5 22. Ba3 fxe4 23. Bxf8 exf3+ 24. Kxf3 Qxd5+ 25. Kf2 Rxf8+ 26. Kg1 Qc5+ 27. Kg2 Qc6+ 28. Kg1 Qb6+ 29. Kg2 1/2-1/2

[Event "*** SCC Grand Prix: Titled Tuesday Blitz"]
[Site "Chess.com"]
[Date "2020.07.07"]
[Round "2"]
[White "fabianvivasz"]
[Black "MiroVlasenko"]
[Result "0-1"]
[WhiteElo "2274"]
[BlackElo "2637"]
[TimeControl "180+1"]
[EndTime "10:16:48 PDT"]
[Termination "MiroVlasenko won on time"]

1. e4 c5 2. Nf3 a6 3. c3 d5 4. exd5 Qxd5 5. d4 Bg4 6. Be2 e6 7. Be3 cxd4 8. cxd4 Nf6 9. Nc3 Qd6 10. h3 Bh5 11.
Qb3 Qb4 12. Qc2 Nc6 13. a3 Qd6 14. O-O Be7 15. Rad1 O-O 16. Ne4 Nxe4 17. Qxe4 Bg6 18. Qf4 Qxf4 19. Bxf4 Rfd8 20. Bc7 Rd7 21. Bb6 Bf6 22. Rd2 Be4 23. Rfd1 Bd5 24. b4 g6 25. g4 g5 26. Kh2 Kg7 27. Kg3 h6 28. Rh1 Rc8 29. Rhd1 Ne7 0-1

[Event "*** SCC Grand Prix: Titled Tuesday Blitz"]
[Site "Chess.com"]
[Date "2020.07.07"]
[Round "2"]
[White "mjray79"]
[Black "Escanor89"]
[Result "0-1"]
[WhiteElo "2305"]
[BlackElo "2553"]
[TimeControl "180+1"]
[EndTime "10:16:50 PDT"]
[Termination "Escanor89 won by resignation"]

1. d4 Nf6 2. c4 g6 3. Nc3 Bg7 4. e4 d6 5. Nge2 O-O 6. Ng3 c5 7. d5 e6 8. Be2 a6 9. a4 exd5 10. cxd5 Re8 11. O-O Nbd7 12. f4 Rb8 13. a5 b5 14. axb6 Rxb6 15. Bf3 Rb4 16. Re1 h5 17. Qc2 h4 18. Nh1 Nb6 19. Be3 Nc4 20. Bc1 Nb6 21. Be3 Ng4 22. Bxg4 Bxg4 23. Nf2 Bc8 24. Nd3 Rbxe4 25. Nxe4 Rxe4 26. Nxc5 Rc4 27. Qf2 dxc5 28. Bxc5 Nd7 29. Be7 Qb6 30. Bxh4 Bd4 0-1

[Event "*** SCC Grand Prix: Titled Tuesday Blitz"]
[Site "Chess.com"]
[Date "2020.07.07"]
[Round "2"]
[White "Ati1517"]
[Black "GustavoJuarezF"]
[Result "1-0"]
[WhiteElo "2372"]
[BlackElo "1997"]
[TimeControl "180+1"]
[EndTime "10:16:52 PDT"]
[Termination "Ati1517 won by checkmate"]

1. d4 g6 2. c4 Bg7 3. Nf3 d6 4. Nc3 Nf6 5. e4 O-O 6. h3 Nc6 7. Be3 e5 8. d5 Nb8 9. g4 a5 10. Qd2 Na6 11. Bd3 Nd7 12. Bh6 Ndc5 13. Bc2 Nb4 14.
O-O-O f5 15. gxf5 gxf5 16. Rhg1 Rf7 17. Bxg7 Rxg7 18. Qh6 Qe7 19. Rxg7+ Qxg7 20. Rg1 Nbd3+ 21. Bxd3 Qxg1+ 22. Nxg1 Nxd3+ 23. Kd2 Nxf2 24. Qg5+ Kf7 25. exf5 Bd7 26. Nf3 Rg8 27. Qh5+ Kg7 28. Ng5 Bxf5 29.
Qf7+ Kh6 30. Qxg8 Bg6 31. h4 Ng4 32. Ne6 Kh5 33. Qd8 h6 34. Ng7# 1-0

[Event "*** SCC Grand Prix: Titled Tuesday Blitz"]
[Site "Chess.com"]
[Date "2020.07.07"]
[Round "2"]
[White "Usurpov"]
[Black "timedothwasteme"]
[Result "1-0"]
[WhiteElo "2415"]
[BlackElo "2132"]
[TimeControl "180+1"]
[EndTime "10:16:53 PDT"]
[Termination "Usurpov won by resignation"]

1. e4 c5 2. Nf3 Nc6 3. d4 cxd4 4. Nxd4 Nf6 5. Nc3 g6 6. Nxc6 bxc6 7. e5 Ng8 8. Bc4 Bg7 9. Qf3 f5 10. Bf4 Qa5 11.
O-O-O e6 12. h4 h6 13. Rhe1 Ne7 14. Bb3 Nd5 15. Bd2 Qc7 16. Qg3 Kf7 17. Kb1 a5 18.
Na4 Ba6 19. Nc5 a4 20. Bxa4 Bb5 21. Bb3 Bf8 22. Nd3 Bxd3 23. Qxd3 Bc5 24. Re2 Rhb8 25. Bxh6 Nb4 26. Qxd7+ 1-0

[Event "*** SCC Grand Prix: Titled Tuesday Blitz"]
[Site "Chess.com"]
[Date "2020.07.07"]
[Round "2"]
[White "tlomigtlis"]
[Black "PattyCastillo"]
[Result "1-0"]
[WhiteElo "2364"]
[BlackElo "1949"]
[TimeControl "180+1"]
[EndTime "10:16:53 PDT"]
[Termination "tlomigtlis won by resignation"]

1. d4 d5 2. c4 c6 3. Nf3 Nf6 4. Nc3 e6 5. Bg5 h6 6. Bh4 dxc4 7. e4 g5 8. Bg3 b5 9. Be2 Bb7 10. O-O Nbd7 11. Qc2 a6 12. Rad1 Be7 13. Rfe1 Nh5 14. d5 Nxg3 15. hxg3 cxd5 16. exd5 e5 17. Qf5 Qc7 18.
Ne4 Bd6 19. Bf1 Bc8 20. Nxd6+ Qxd6 21. Nxe5 Nxe5 22. Rxe5+ Kf8 23. Qe4 Rg8 24. Re1 Bd7 25.
Re7 Qg6 26. Qxg6 Rxg6 27. Rxd7 1-0

[Event "*** SCC Grand Prix: Titled Tuesday Blitz"]
[Site "Chess.com"]
[Date "2020.07.07"]
[Round "2"]
[White "Agnes66678"]
[Black "xberli"]
[Result "0-1"]
[WhiteElo "2449"]
[BlackElo "2291"]
[TimeControl "180+1"]
[EndTime "10:16:54 PDT"]
[Termination "xberli won by resignation"]

1. Nf3 Nf6 2. g3 g6 3. Bg2 Bg7 4. O-O O-O 5. d4 d5 6. c4 dxc4 7. Na3 Nc6 8. Nxc4 Be6 9. b3 a5 10. Bb2 a4 11. Qc2 Bd5 12. Rfe1 Be4 13. Qd2 Qc8 14.
Nce5 Rd8 15. Qf4 a3 16. Bc3 Qf5 17. Nxc6 Bxc6 18. Qxf5 gxf5 19. Rac1 Bd5 20. Bb4 c6 21. Bxe7 Re8 22. Bb4 Ng4 23. e3 Be4 24. h3 Nf6 25.
Nd2 Nd5 26. Bd6 Bxg2 27. Kxg2 Re6 28. Bf4 Nb4 29. Ra1 Nc2 30. Rec1 Nxa1 31. Rxa1 c5 32. Rc1 cxd4 33. exd4 Bxd4 34. Nf3 Bb6 35. g4 fxg4 36.
hxg4 Re2 37. Bd2 Rd8 38. Bb4 Rxf2+ 39. Kg3 Rxa2 40. Ng5 Be3 41. Ne4 Bxc1 0-1

[Event "*** SCC Grand Prix: Titled Tuesday Blitz"]
[Site "Chess.com"]
[Date "2020.07.07"]
[Round "2"]
[White "shineatchess"]
[Black "Keithonsky"]
[Result "0-1"]
[WhiteElo "2171"]
[BlackElo "2425"]
[TimeControl "180+1"]
[EndTime "10:16:54 PDT"]
[Termination "Keithonsky won by checkmate"]

1. d4 Nf6 2. c4 e6 3. g3 d5 4. Nf3 Be7 5. Bg2 O-O 6. O-O dxc4 7. Qc2 a6 8. a4 Bd7 9. Qxc4 Bc6 10. Bg5 Nbd7 11. Nc3 a5 12. Qd3 Bxf3 13. Bxf3 c6 14. Rfd1 h6 15. Bc1 e5 16. d5 Nc5 17. Qc2 Qb6 18. d6 Bd8 19. Be3 Qb3 20. Qb1 Bb6 21. Ra3 Qe6 22. b4 Ncd7 23. Bxb6 Nxb6 24.
b5 e4 25. Bg2 Nc4 26. Rb3 e3 27. f4 Nd2 28. Rxd2 exd2 29. bxc6 Qe3+ 30. Kf1 Ng4 31. Nd1 Nxh2# 0-1

[Event "*** SCC Grand Prix: Titled Tuesday Blitz"]
[Site "Chess.com"]
[Date "2020.07.07"]
[Round "2"]
[White "Lagmantr"]
[Black "mattcolins2025"]
[Result "1-0"]
[WhiteElo "2655"]
[BlackElo "2377"]
[TimeControl "180+1"]
[EndTime "10:16:58 PDT"]
[Termination "Lagmantr won by resignation"]

1. d4 Nf6 2. c4 g6 3. Nc3 Bg7 4. e4 d6 5. Be2 O-O 6. Bg5 c5 7.
Nf3 h6 8. Bh4 Nc6 9. d5 Ne5 10.
Nxe5 dxe5 11. O-O e6 12. Bg3 Ne8 13. Qb3 Nd6 14. Rad1 f5 15. f4 exf4 16. Bxf4 e5 17. Be3 b6 18. exf5 gxf5 19. Nb5 f4 20. Bc1 Nf5 21.
d6 a6 22. Nc7 Rb8 23. Bg4 Nd4 24. Rxd4 cxd4 25. c5+ Kh8 26. Bxc8 Qxc8 27. c6 Rd8 28. Qd5 e4 29. Bxf4 e3 30. d7 1-0

[Event "*** SCC Grand Prix: Titled Tuesday Blitz"]
[Site "Chess.com"]
[Date "2020.07.07"]
[Round "2"]
[White "GMaka"]
[Black "Airquake"]
[Result "1-0"]
[WhiteElo "2336"]
[BlackElo "2629"]
[TimeControl "180+1"]
[EndTime "10:16:59 PDT"]
[Termination "GMaka won on time"]

1. d4 Nf6 2. Bg5 e6 3. e4 d6 4.
Nc3 Nbd7 5. Nf3 Be7 6. e5 dxe5 7. dxe5 Ng4 8. Bxe7 Qxe7 9. Qd4 Nh6 10. Bd3 Nb6 11.
O-O-O Bd7 12. Nb5 Bc6 13. Rhe1 Nf5 14. Bxf5 exf5 15. Nd6+ Kf8 16. Nxf5 Qe6 17. Qc5+ Kg8 18. Ne7+ Kf8 19. Nxc6+ Kg8 20. Ne7+ Kf8 21. Ng6+ Kg8 22. Nxh8 Qxa2 23. Qxc7 Qa1+ 24. Kd2 Qa5+ 25. Ke2 Qb5+ 26.
c4 1-0

[Event "*** SCC Grand Prix: Titled Tuesday Blitz"]
[Site "Chess.com"]
[Date "2020.07.07"]
[Round "2"]
[White "Korona_91"]
[Black "Belka1989"]
[Result "1-0"]
[WhiteElo "2466"]
[BlackElo "2277"]
[TimeControl "180+1"]
[EndTime "10:17:00 PDT"]
[Termination "Korona_91 won on time"]

1. e4 e5 2. Nf3 Nc6 3. Bc4 Nf6 4.
d3 Bc5 5. Nc3 d6 6. Bg5 Bg4 7.
Nd5 h6 8. Bxf6 gxf6 9. h3 Be6 10. c3 Na5 11. b4 Nxc4 12. bxc5 Na5 13. Qa4+ c6 14.
cxd6 b5 15. Nxf6+ Qxf6 16. Qxa5 O-O 17. d7 Bxd7 18. Qc7 Be6 19. Qxe5 Qxe5 20. Nxe5 Rac8 21.
f4 f6 22. Nf3 Rfd8 23. d4 Re8 24. e5 Bd5 25. O-O fxe5 26. fxe5 c5 27. Rad1 cxd4 28.
Rxd4 Bc4 29. Re1 Bxa2 30. Rg4+ Kh7 31. Re3 1-0

[Event "*** SCC Grand Prix: Titled Tuesday Blitz"]
[Site "Chess.com"]
[Date "2020.07.07"]
[Round "2"]
[White "chessablanca"]
[Black "YellowJacek"]
[Result "1-0"]
[WhiteElo "2464"]
[BlackElo "2270"]
[TimeControl "180+1"]
[EndTime "10:17:00 PDT"]
[Termination "chessablanca won by resignation"]

1. Nf3 c5 2. c4 Nc6 3. Nc3 g6 4. e3 Bg7 5. d4 cxd4 6. exd4 Nf6 7. d5 Nb8 8. Be3 O-O 9. Be2 d6 10. O-O Nbd7 11. Qd2 Nc5 12. Nd4 a6 13. Qc2 e5 14.
dxe6 Nxe6 15. Rad1 Qc7 16. b3 Nxd4 17. Bxd4 Bf5 18. Qb2 Rfe8 19. Bf3 Re6 20. Rc1 Qe7 21.
Rfd1 Re8 22. h3 Bh6 23. Ra1 Bf4 24. g4 Be4 25. Bxe4 Nxe4 26. Nd5 Qh4 27. Nxf4 1-0

[Event "*** SCC Grand Prix: Titled Tuesday Blitz"]
[Site "Chess.com"]
[Date "2020.07.07"]
[Round "2"]
[White "bmt011"]
[Black "NiranjanNavalgund"]
[Result "0-1"]
[WhiteElo "2120"]
[BlackElo "2408"]
[TimeControl "180+1"]
[EndTime "10:17:01 PDT"]
[Termination "NiranjanNavalgund won on time"]

1. d4 Nf6 2. Bf4 d6 3. e3 g6 4. h3 Bg7 5. Nf3 O-O 6. c4 Nfd7 7. Bh2 e5 8. Nc3 f5 9. Be2 e4 10. Nd2 Nc6 11. O-O Kh8 12. Rc1 Nf6 13. a3 a5 14. Nb5 Ne7 15. c5 dxc5 16. Bxc7 Qd7 17.
dxc5 Ned5 18. Bd6 f4 19. exf4 e3 20. Bxf8 Bxf8 21. Nf3 exf2+ 22. Rxf2 Ne4 23. Qd4+ Ndf6 24. Rff1 Qxd4+ 25. Nfxd4 Bxc5 26. Kh2 Bd7 27. Bf3 Rd8 28. Rfd1 Nf2 29. Rd2 N2e4 30. Bxe4 Nxe4 31. Re2 Bxd4 32. Nxd4 Nf6 33. Re7 Kg8 34. Rc7 Kf8 35. Re5 Kf7 36. Rxb7 a4 37. Nc6 Rc8 0-1

[Event "*** SCC Grand Prix: Titled Tuesday Blitz"]
[Site "Chess.com"]
[Date "2020.07.07"]
[Round "2"]
[White "MF1966Idrisov"]
[Black "KobyKalavannan"]
[Result "0-1"]
[WhiteElo "2320"]
[BlackElo "2628"]
[TimeControl "180+1"]
[EndTime "10:17:02 PDT"]
[Termination "KobyKalavannan won by checkmate"]

1. Nf3 c5 2. b3 Nc6 3. Bb2 d5 4. e3 Bg4 5. d4 Nf6 6. Be2 e6 7. O-O cxd4 8. Nxd4 Bxe2 9. Qxe2 Bd6 10. Nxc6 bxc6 11.
Nd2 h5 12. h3 Qe7 13. e4 Bf4 14. Bxf6 Qxf6 15. exd5 cxd5 16. c4 Rd8 17. cxd5 Rxd5 18.
Nc4 O-O 19. Rad1 Qg6 20. Rxd5 exd5 21. Ne3 d4 22. Nc4 d3 23. Qf3 Bb8 24. Rd1 Rd8 25. Nb2 d2 26. Nc4 Qc2 27. Qe2 Bf4 28. g3 Bh6 29. f4 Rd3 30. Rxd2 Rxg3+ 31. Kh2 Qc3 32. Qe8+ Kh7 33. Qxf7 Rxh3+ 34. Kg2 Qf3+ 35. Kg1 Rh1# 0-1

[Event "*** SCC Grand Prix: Titled Tuesday Blitz"]
[Site "Chess.com"]
[Date "2020.07.07"]
[Round "2"]
[White "Barmen_EV"]
[Black "Julianos82"]
[Result "1-0"]
[WhiteElo "2460"]
[BlackElo "2264"]
[TimeControl "180+1"]
[EndTime "10:17:02 PDT"]
[Termination "Barmen_EV won by resignation"]

1. d4 d5 2. c4 dxc4 3. e4 Nc6 4. Nf3 Bg4 5. d5 Ne5 6. Bf4 Nd3+ 7. Bxd3 cxd3 8. Qxd3 c6 9. Ne5 Bh5 10. Nc3 Nf6 11.
Qc4 Rc8 12. dxc6 e6 13. g4 Bxg4 14. Nxg4 Nxg4 15. c7 Qd7 16. Rd1 Qc6 17. Qd4 Be7 18.
Qxg7 Bf6 19. Qxg4 Bxc3+ 20. bxc3 Qxe4+ 21. Kd2 Rxc7 22. Rhe1 Qd5+ 23. Ke2 Qb5+ 24. Kf3 h5 25.
Rxe6+ fxe6 26. Qxe6+ Kf8 27. Rd8+ Kg7 28. Be5+ 1-0

[Event "*** SCC Grand Prix: Titled Tuesday Blitz"]
[Site "Chess.com"]
[Date "2020.07.07"]
[Round "2"]
[White "Sanyura"]
[Black "GregShahade"]
[Result "0-1"]
[WhiteElo "2472"]
[BlackElo "2677"]
[TimeControl "180+1"]
[EndTime "10:17:05 PDT"]
[Termination "GregShahade won by resignation"]

1. e4 e5 2. Nf3 Nc6 3. Bb5 a6 4. Ba4 Nf6 5. O-O Be7 6. Re1 b5 7. Bb3 O-O 8. c3 d5 9. exd5 Nxd5 10. Nxe5 Nxe5 11. Rxe5 c6 12. Bxd5 cxd5 13. d4 Bd6 14. Re1 Qh4 15. g3 Qh3 16. Qf3 Bf5 17. Qxd5 Rae8 18.
Re3 Qg4 19. Nd2 Rxe3 20. fxe3 Qd1+ 21. Kf2 Bg4 22. Qxd6 Qe2+ 23. Kg1 Bh3 24. Qd5 Qe1+ 0-1

[Event "*** SCC Grand Prix: Titled Tuesday Blitz"]
[Site "Chess.com"]
[Date "2020.07.07"]
[Round "2"]
[White "Witik"]
[Black "jonychess03"]
[Result "1-0"]
[WhiteElo "2645"]
[BlackElo "2315"]
[TimeControl "180+1"]
[EndTime "10:17:05 PDT"]
[Termination "Witik won on time"]

1. d4 Nf6 2. c4 e6 3. Nf3 Bb4+ 4. Nbd2 O-O 5. e3 d5 6. a3 Be7 7. b4 dxc4 8. Nxc4 b6 9. Be2 Bb7 10. O-O Nbd7 11. Bb2 c5 12. b5 Rc8 13. Rc1 Ne4 14. a4 cxd4 15. Nxd4 Ndf6 16. Ne5 Bc5 17. Ndc6 Qxd1 18.
Rfxd1 Nd5 19. Bf3 Nef6 20. a5 Bxc6 21. Nxc6 Rc7 22. a6 Rfc8 23. Be5 Rd7 24. g4 Kf8 25. g5 Ne8 26. e4 1-0

[Event "*** SCC Grand Prix: Titled Tuesday Blitz"]
[Site "Chess.com"]
[Date "2020.07.07"]
[Round "2"]
[White "Semen_Khanin"]
[Black "BigAl"]
[Result "0-1"]
[WhiteElo "2702"]
[BlackElo "2511"]
[TimeControl "180+1"]
[EndTime "10:17:06 PDT"]
[Termination "BigAl won by resignation"]

1. e4 c6 2. d4 d5 3. Nd2 dxe4 4. Nxe4 Nf6 5. Nxf6+ exf6 6. c3 Bd6 7. Bd3 O-O 8. Qc2 Re8+ 9. Ne2 h5 10. O-O h4 11.
Nf4 Qc7 12. g3 Nd7 13. Qd1 hxg3 14. hxg3 Nf8 15. Qh5 Qd7 16. Kg2 Qg4 17. Qh2 Bxf4 18.
Bxf4 Bf5 19. f3 Qg6 20. Rh1 Nh7 21. Bxf5 Qxf5 22. Rhe1 g5 23. Be3 Qd3 24. Rad1 Qg6 25. g4 f5 26. gxf5 Qxf5 27. Rd2 Re6 28. Rde2 Rae8 29.
Bf2 Rxe2 0-1

[Event "*** SCC Grand Prix: Titled Tuesday Blitz"]
[Site "Chess.com"]
[Date "2020.07.07"]
[Round "2"]
[White "Region_07"]
[Black "tamarozi99"]
[Result "1-0"]
[WhiteElo "2371"]
[BlackElo "1982"]
[TimeControl "180+1"]
[EndTime "10:17:06 PDT"]
[Termination "Region_07 won on time"]

1. d4 Nf6 2. Bg5 g6 3. Bxf6 exf6 4. e3 Bg7 5. c4 f5 6. Nc3 Nc6 7. g3 O-O 8. Bg2 Re8 9. Nge2 Ne7 10. O-O d6 11. Nf4 h6 12. Ncd5 Nxd5 13. Bxd5 c6 14. Bg2 d5 15. cxd5 g5 16. Nh5 cxd5 17. Nxg7 Kxg7 18. Qb3 Be6 19. Qxb7 Rb8 20. Qxa7 Rxb2 21. a4 f4 22. Qc5 Qa8 23. e4 Rc8 24. Qd6 dxe4 25.
Qe5+ Kg8 26. Bxe4 Qb8 27. Qf6 Qb4 28. Qxh6 1-0

[Event "*** SCC Grand Prix: Titled Tuesday Blitz"]
[Site "Chess.com"]
[Date "2020.07.07"]
[Round "2"]
[White "Zmof"]
[Black "JSMastropiero"]
[Result "1-0"]
[WhiteElo "2223"]
[BlackElo "2419"]
[TimeControl "180+1"]
[EndTime "10:17:07 PDT"]
[Termination "Zmof won by resignation"]

1. e4 e5 2. Bc4 Nf6 3. d3 Nc6 4. Nf3 Be7 5. O-O O-O 6. Bb3 d6 7. c3 d5 8. exd5 Nxd5 9. Re1 Bf6 10. Nbd2 Nf4 11. Ne4 Nxd3 12. Nxf6+ gxf6 13. Bh6 Nxe1 14. Qxe1 Re8 15. Qe3 Bf5 16. Nh4 Bg6 17. Qg3 Qd3 18.
f3 Na5 19. Rd1 Qxd1+ 20. Bxd1 Rad8 21. Be2 Rd6 22. Nf5 Rd7 23. h4 1-0

[Event "*** SCC Grand Prix: Titled Tuesday Blitz"]
[Site "Chess.com"]
[Date "2020.07.07"]
[Round "2"]
[White "I_Hit_18K_on_BS"]
[Black "Angel_Hranitel_37"]
[Result "0-1"]
[WhiteElo "2059"]
[BlackElo "2387"]
[TimeControl "180+1"]
[EndTime "10:17:09 PDT"]
[Termination "Angel_Hranitel_37 won by checkmate"]

1. e4 c5 2. Nf3 e6 3. d4 cxd4 4. Nxd4 Nf6 5. Nc3 Nc6 6. Ndb5 Bc5 7. Nd6+ Ke7 8. Bf4 e5 9. Nf5+ Kf8 10. Bg5 d6 11.
Nd5 Bxf2+ 12. Ke2 Bxf5 13. Nxf6 gxf6 14. Bh6+ Ke7 15. exf5 Bc5 16. Ke1 Nd4 17. c3 Nxf5 18.
Bc1 Qb6 19. Bc4 Bf2+ 20. Kf1 Be3 21. Qd5 Rhf8 22. g4 Bxc1 23. gxf5 Qxb2 24. h4 Rab8 25. Rh3 Qxa1 26. Rd3 Ba3+ 27. Rd1 Qb2 28. Bb5 Qxc3 29. Rd3 Qc1+ 30. Ke2 Qc5 31. Qb3 a6 32. Ba4 b5 33.
Rc3 bxa4 34. Qc2 Rb2 35. Rxc5 dxc5 36. Qxb2 Bxb2 37. Kd3 a3 38. Kc4 Rc8 39. h5 h6 40.
Kd5 c4 41. Ke4 c3 42. Kd5 c2 43. Ke4 c1=Q 44. Kf3 Rc3+ 45. Kg4 Qf4# 0-1

[Event "*** SCC Grand Prix: Titled Tuesday Blitz"]
[Site "Chess.com"]
[Date "2020.07.07"]
[Round "2"]
[White "giantslayer83"]
[Black "Diego_FloresQ"]
[Result "1-0"]
[WhiteElo "2733"]
[BlackElo "2499"]
[TimeControl "180+1"]
[EndTime "10:17:10 PDT"]
[Termination "giantslayer83 won by resignation"]

1. d4 Nf6 2. Bg5 Ne4 3. Bf4 d5 4. e3 c5 5. Bd3 Nf6 6. c3 Nc6 7. h3 Qb6 8. Qc1 g6 9. Nf3 Bg7 10. Nbd2 O-O 11. O-O Nd7 12. c4 cxd4 13. cxd5 Nb4 14.
Bc4 Nc5 15. exd4 Ncd3 16. Bxd3 Nxd3 17. Qc7 Nxf4 18. Qxf4 Rd8 19. Rfe1 Qxb2 20. Rab1 Qa3 21. Rb3 Qxa2 22. Rxe7 Rf8 23. d6 Be6 24. Rbxb7 Rad8 25. Rxa7 Qd5 26. Ne4 Bf5 27. Neg5 h6 28. Nxf7 Rxf7 29.
Rxf7 1-0

[Event "*** SCC Grand Prix: Titled Tuesday Blitz"]
[Site "Chess.com"]
[Date "2020.07.07"]
[Round "2"]
[White "wild_cat99"]
[Black "PSvidler"]
[Result "0-1"]
[WhiteElo "2601"]
[BlackElo "3012"]
[TimeControl "180+1"]
[EndTime "10:17:11 PDT"]
[Termination "PSvidler won by resignation"]

1. Nf3 d5 2. e3 c5 3. b3 a6 4.
Bb2 Nc6 5. d4 cxd4 6. Nxd4 Nf6 7.
c4 e6 8. Nc3 Be7 9. cxd5 exd5 10. Be2 O-O 11. O-O Re8 12. Bf3 Ne5 13. h3 Nxf3+ 14. Qxf3 Bd6 15. Nf5 Be5 16. Rfd1 Bxf5 17. Qxf5 Qc8 18. Qd3 Ne4 19. Na4 Qf5 20. Bxe5 Qxf2+ 21. Kh2 Rxe5 22. Rf1 Qg3+ 23. Kg1 Rg5 24. Qe2 Qxh3 25.
Qf3 Qxf3 26. Rxf3 Rc8 27. Raf1 Rc2 28. Rd1 Rcxg2+ 29. Kf1 Nd2+ 30. Rxd2 Rxd2 31. Nc5 h5 32. Nxb7 h4 33. Nd6 Rgg2 34. Nf5 Rh2 35. Kg1 h3 36. Ne7+ Kf8 37. Nxd5 Rdg2+ 0-1